 Dungeon Crawl Stone Soup version 0.15-a0-1866-g491fd59 (webtiles) character file.

63 Kenran the Chopper (level 4, 39/39 HPs)
             Began as a Hill Orc Fighter on June 24, 2014.
             Was an Initiate of Makhleb.
             Quit the game on Level 2 of the Dungeon on July 4, 2014.
             The game lasted 00:07:42 (2222 turns).

Kenran the Chopper (Hill Orc Fighter)               Turns: 2222, Time: 00:07:42

HP  39/39        AC  6     Str 18      XL: 4   Next:  9%
MP   4/4         EV  6     Int  8      God: Makhleb [......]
Gold 34          SH  9     Dex 11      Spells:  0 memorised,  3 levels left

rFire  . . .     SeeInvis .     a - +1 war axe
rCold  . . .     Clarity  .     b - +0 scale mail
rNeg   . . .     rCorr    .     c - +0 shield
rPois  .         rRot     .     (no helmet)
rElec  .         Spirit   .     (no cloak)
SustAb .         Warding  .     (no gloves)
rMut   .         Stasis   .     (no boots)
Gourm  .                        (no amulet)
MR     .....                    (no ring)
                                (no ring)

@: not resistant to hostile enchantments, extremely unstealthy
A: no striking features
a: Renounce Religion


You were on level 2 of the Dungeon.
You worshipped Makhleb.
Makhleb was noncommittal.
You were not hungry.

You visited 1 branch of the dungeon, and saw 2 of its levels.

You collected 34 gold pieces.

Inventory:

Hand weapons
 a - a +1 war axe (weapon)
Armour
 b - a +0 scale mail (worn)
 c - a +0 shield (worn)
Comestibles
 d - a meat ration
Scrolls
 i - 2 scrolls of identify
Potions
 e - 2 potions of might
 f - a potion of invisibility
 h - 2 potions of restore abilities {unknown}
 j - a potion of curing {unknown}
 k - a potion of haste {unknown}


   Skills:
 - Level 3.6 Fighting
 + Level 5.6 Axes
 - Level 3.2 Armour
 - Level 3.2 Shields


You had 3 spell levels left.
You didn't know any spells.

Dungeon Overview and Level Annotations

Branches:
Dungeon (2/15)

Altars:
Ashenzari
Fedhas
Gozag
Makhleb
Vehumet
The Shining One


Message History

Enchant which weapon? (? for menu, Esc to quit)
Your +0 war axe glows red for a moment.
Read which item? (? for menu, Esc to quit)
Identify which item? (\ to view known items) (? for menu, Esc to quit)
As you read the scroll of identify, it crumbles to dust.
g - a cursed amulet of inaccuracy Drop what? (_ for help) (? for menu, Esc to quit)
You drop a cursed amulet of inaccuracy.
You aren't carrying any pieces of jewellery.
Save game and exit?
Welcome back, Kenran the Hill Orc Fighter.
Blood and souls for Makhleb!
Press ? for a list of commands and other information.
Welcome back, Kenran the Hill Orc Fighter.
Blood and souls for Makhleb!
Press ? for a list of commands and other information.
Welcome back, Kenran the Hill Orc Fighter.
Blood and souls for Makhleb!
Press ? for a list of commands and other information.
Are you sure you want to abandon this character and quit the game? (Confirm with "yes".)

#....._#.###### ###..###..(...#
#######
#⌠...._#......###########......
###..###>......................
#_.....#..).)..................
###..###......###########......
#.....##..............# #......
###..###......).......# ###....
#8...._#......@"......# #....
##_⌠.######'#.........# #....
##### #.#.........# #####
#.########### #. #####.......#
#. #........##.# #.
#........##.# #. #........##.#
#. ######'#.##.# #.


There were no monsters in sight!

Vanquished Creatures
  2 giant mites (D:2)
  A worm (D:2)
  An ooze (D:2)
  A ball python (D:2)
  A giant cockroach (D:1)
  8 goblins
  4 hobgoblins (D:2)
  2 quokkas (D:2)
  7 bats
  A giant gecko (D:1)
  3 giant newts
  6 kobolds
  4 rats
41 creatures vanquished.

Notes
Turn   | Place    | Note
--------------------------------------------------------------
     0 | D:1      | Kenran, the Hill Orc Fighter, began the quest for the Orb.
     0 | D:1      | Reached XP level 1. HP: 19/19 MP: 1/1
   276 | D:1      | Reached XP level 2. HP: 26/26 MP: 2/2
   922 | D:2      | Reached skill level 4 in Axes
   980 | D:2      | Reached XP level 3. HP: 2/31 MP: 3/3
  1565 | D:2      | Found an opulent altar of Gozag.
  1604 | D:2      | Reached skill level 5 in Axes
  1951 | D:2      | Reached XP level 4. HP: 32/39 MP: 4/4
  1986 | D:2      | Found a burning altar of Makhleb.
  1989 | D:2      | Found a glowing golden altar of the Shining One.
  1993 | D:2      | Became a worshipper of Makhleb the Destroyer
  1996 | D:2      | Found a shattered altar of Ashenzari.
  1996 | D:2      | Found a blossoming altar of Fedhas.
  2001 | D:2      | Found a radiant altar of Vehumet.
  2222 | D:2      | Upgraded the game from 0.15-a0-1675-g4580af5 to 0.15-a0-1866-g491fd59
  2222 | D:2      | Quit the game

Action                   |  1- 3 |  4- 6 || total
-------------------------+-------+-------++-------
Melee: War axe           |   117 |    12 ||   129
  Use: Scroll            |     7 |     2 ||     9
